 Dungeon Crawl Stone Soup version 0.21.1-1-g345015f (console) character file.

2517 toffzen the Martial Artist (level 9, -19/46 HPs)
             Began as a Vine Stalker Transmuter on May 25, 2018.
             Was a Follower of Okawaru.
             Killed from afar by a hell hound (23 damage)
             ... with a blast of flame
             ... on level 8 of the Dungeon.
             The game lasted 00:35:04 (9846 turns).

toffzen the Martial Artist (VSTm)                   Turns: 9846, Time: 00:35:05

Health: -19/46     AC:  2    Str: 13    XL:     9   Next: 54%
Magic:  0/13       EV: 23    Int: 16    God:    Okawaru [*.....]
Gold:   401        SH:  0    Dex: 20    Spells: 6/12 levels left

rFire    . . .     SeeInvis .     - Unarmed
rCold    . . .     Gourm    .   (shield currently unavailable)
rNeg     . . .     Faith    .   (armour currently unavailable)
rPois    x         Spirit   +   (helmet currently unavailable)
rElec    .         Reflect  .   (cloak currently unavailable)
rCorr    .         Harm     .   (gloves currently unavailable)
MR       +....                  (boots currently unavailable)
Stlth    ++........             (no amulet)
HPRegen  0.55/turn              (no ring)
MPRegen  0.13/turn              G - ring of flight

@: spider-form, hasted, very quick
A: tiny, regeneration 1, magic shield, no potion heal 3, rot immunity
a: End Transformation, Heroism, Renounce Religion, Evoke Flight


You were on level 8 of the Dungeon.
You worshipped Okawaru.
Okawaru was aware of your devotion.
You were hungry.
You were a venomous arachnid creature.
You visited 2 branches of the dungeon, and saw 9 of its levels.

You collected 401 gold pieces.

Inventory:

Hand Weapons
 o - a +0 dagger of electrocution
Missiles
 a - 164 arrows
 h - 214 stones (quivered)
 q - 26 poisoned needles
 r - 49 sling bullets
Armour
 b - a +0 robe (melded)
 y - a +1 helmet (melded)
 F - a +0 cloak (melded)
Jewellery
 G - a ring of flight (right front leg)
Wands
 v - a wand of polymorph (9)
 C - a wand of digging (8)
Scrolls
 e - 4 scrolls of teleportation
 f - 2 scrolls of enchant weapon {unknown}
 g - 3 scrolls of remove curse
 i - 2 scrolls of magic mapping {unknown}
 p - 3 scrolls of amnesia
 t - a scroll of fear {unknown}
 u - a scroll of fog {unknown}
 w - a scroll of enchant armour {unknown}
 x - 2 scrolls of immolation
 B - a scroll of acquirement {unknown}
 D - 2 scrolls of random uselessness {unknown}
Potions
 j - 4 potions of flight
 k - a potion of agility
 m - 2 potions of lignification
 s - 4 potions of curing
 z - 2 potions of resistance {unknown}
 A - a potion of cancellation {unknown}
 I - a potion of might
Books
 c - a book of Changes

   Spells                             Type                      Level
   a - Beastly Appendage              Transmutation                1
   b - Sticks to Snakes               Transmutation                2
   c - Spider Form                    Transmutation/Poison         3
   d - Ice Form                       Ice/Transmutation            4
   e - Blade Hands                    Transmutation                5
 E - a book of Minor Magic

   Spells                             Type                      Level
   a - Magic Dart                     Conjuration                  1
   b - Blink                          Translocation                2
   c - Call Imp                       Summoning                    2
   d - Slow                           Hexes                        2
   e - Conjure Flame                  Conjuration/Fire             3
   f - Mephitic Cloud                 Conjuration/Poison/Air       3
Comestibles
 d - 11 rations
 n - 4 chunks of flesh


   Skills:
 + Level 4.9 Fighting
 + Level 4.1 Dodging
 * Level 8.4 Unarmed Combat
 - Level 2.1 Spellcasting
 * Level 7.1 Transmutations


You had 6 spell levels left.
You knew the following spells:

 Your Spells              Type           Power        Failure   Level  Hunger
a - Beastly Appendage     Tmut           ###...       5%          1    #......
b - Sticks to Snakes      Tmut           ###.....     7%          2    ###....
c - Spider Form           Tmut/Pois      ##........   32%         3    ###....


Dungeon Overview and Level Annotations

Branches:
Dungeon (8/15)             Temple (1/1) D:7
   Lair: D:8-11

Altars:
Ashenzari
Dithmenos
Elyvilon
Fedhas
Gozag
Hepliaklqana
Kikubaaqudgha
Nemelex Xobeh
Okawaru
Ru
Sif Muna
Trog
Uskayaw
Wu Jian
Xom
Zin

Annotations:
D:2 1 runed door
D:4 salinator123's ghost, novice GrBe
D:6 vatarom's ghost, novice GnWn
D:8 Maurice


Innate Abilities, Weirdness & Mutations

((You have razor-sharp teeth.))
Your natural rate of healing is unusually fast.
When hurt, damage is shared between your health and your magic reserves.
((Your bite disrupts and absorbs the magic of your enemies.))
Potions cannot restore your health.
You are immune to rotting.


Message History

You hit the hell hound but do no damage.
The hell hound closely misses you.
The orc priest casts a cantrip, but nothing happens.
You bite the hell hound!
The hell hound looks as sick as possible!
The hell hound is moderately wounded.
The hell hound bites you.
* * * LOW HITPOINT WARNING * * *
You hit the hell hound.
The hell hound is heavily wounded.
The hell hound bites you!
* * * LOW HITPOINT WARNING * * *
The hell hound breathes flames at you. The blast of flame misses you.
You have no ailments to cure.
You have no ailments to cure.
The hell hound breathes flames at you. The blast of flame hits you!
Ouch! That really hurt!
You die...

#.........# #.#
#....o....# #.#
#.........# #.#
##....###.# #.#
#.#..# #.# #.#
#.#..# #.# #.#
#.##.# #.. #.#
#.##..#########.#
#o##..#.oo.h..s.#
#.###..)#########
.........o..oo.
#.###...#######
#...# .#..#
..#..# .. #..#
... #.>#


You could see a hell hound, an orc priest and an orc wizard.

Vanquished Creatures
  A hippogriff (D:7)
  Menkaure (D:5)
  A hell hound (D:8)
  An orc warrior (D:8)
  2 black bears (D:6)
  An ice beast (D:5)
  2 sky beasts
  An ogre (D:4)
  A phantom (D:5)
  2 centaurs
  A bullfrog (D:6)
  A big kobold (D:7)
  A wyvern skeleton (D:8)
  2 scorpions (D:7)
  2 howler monkeys (D:6)
  A centaur zombie (D:5)
  5 orc wizards
  5 bullfrog skeletons
  A centaur skeleton (D:7)
  A jelly (D:8)
  2 orc priests
  An iguana (D:8)
  Ijyb (D:3)
  4 worker ants
  A killer bee zombie (D:6)
  A hound zombie (D:5)
  A hound skeleton (D:6)
  Robin (D:2)
  3 gnolls
  2 howler monkey skeletons
  12 adders
  A river rat (D:5)
  A shadow imp (D:5)
  2 oozes (D:1)
  An adder zombie (D:7)
  2 worms (D:2)
  3 dart slugs
  7 leopard geckos
  12 orcs
  6 bats
  8 giant cockroaches
  15 goblins
  12 hobgoblins
  4 jackals
  3 quokkas
  5 ball pythons
  4 frilled lizards
  A jackal skeleton (D:6)
  6 kobolds
  A leopard gecko zombie (D:7)
  A quokka skeleton (D:7)
  6 rats
163 creatures vanquished.

Vanquished Creatures (collateral kills)
  A bullfrog (D:7)
  A bullfrog zombie (D:6)
  2 gnolls (D:6)
  An orc (D:7)
5 creatures vanquished.

Grand Total: 168 creatures vanquished

Notes
Turn   | Place    | Note
-------+----------+-------------------------------------------
     0 | D:1      | toffzen the Vine Stalker Transmuter began the quest for the Orb.
     0 | D:1      | Reached XP level 1. HP: 9/9 MP: 4/4
    92 | D:1      | Reached skill level 1 in Fighting
   243 | D:1      | Reached XP level 2. HP: 14/14 MP: 6/6
   253 | D:1      | Learned a level 2 spell: Sticks to Snakes
  1016 | D:1      | Reached XP level 3. HP: 18/18 MP: 5/7
  1027 | D:1      | Learned a level 3 spell: Spider Form
  1306 | D:1      | Reached skill level 4 in Unarmed Combat
  2225 | D:2      | Gained mutation: Your natural rate of healing is unusually fast. [Vine Stalker growth]
  2225 | D:2      | Reached XP level 4. HP: 18/23 MP: 5/8
  2362 | D:2      | Noticed Robin
  2408 | D:2      | Killed Robin
  2412 | D:2      | HP: 1/23 [goblin/dagger[Robin] (2)]
  2711 | D:2      | Reached XP level 5. HP: 22/27 MP: 6/9
  3204 | D:2      | Reached skill level 5 in Unarmed Combat
  3291 | D:2      | Found a runed door.
  4343 | D:3      | Noticed Ijyb
  4354 | D:3      | Killed Ijyb
  4354 | D:3      | Reached XP level 6. HP: 31/32 MP: 4/10
  5063 | D:4      | Noticed salinator123's ghost (novice GrBe)
  5115 | D:4      | Found a shimmering altar of Xom.
  5643 | D:5      | Entered Level 5 of the Dungeon
  5705 | D:5      | Noticed a phantom
  5736 | D:5      | Killed a phantom
  5736 | D:5      | Reached XP level 7. HP: 16/36 MP: 1/11
  5855 | D:5      | Noticed Menkaure
  5865 | D:5      | Killed Menkaure
  5865 | D:5      | Reached skill level 6 in Unarmed Combat
  6372 | D:5      | Gained mutation: You have razor-sharp teeth. [Vine Stalker growth]
  6372 | D:5      | Reached XP level 8. HP: 40/40 MP: 9/12
  6685 | D:5      | Reached skill level 5 in Transmutations
  7478 | D:6      | Reached skill level 7 in Unarmed Combat
  7731 | D:6      | Found a bloodstained altar of Trog.
  7983 | D:6      | Noticed vatarom's ghost (novice GnWn)
  8340 | D:7      | Noticed a hippogriff
  8358 | D:7      | Killed a hippogriff
  8358 | D:7      | Reached XP level 9. HP: 19/46 MP: 2/13
  8690 | D:7      | Found a staircase to the Ecumenical Temple.
  8799 | Temple   | Entered the Ecumenical Temple
  8862 | Temple   | Became a worshipper of Warmaster Okawaru
  9100 | D:7      | Reached skill level 8 in Unarmed Combat
  9277 | D:7      | Found a sacrificial altar of Ru.
  9598 | D:8      | Noticed Maurice
  9836 | D:8      | Reached * piety under Okawaru
  9846 | D:8      | Killed from afar by a hell hound

Skill      XL: |  1  2  3  4  5  6  7  8  9 |
---------------+----------------------------+-----
Fighting       | 1 2 3 4 |  4.9
Unarmed Combat | 4 5 6 7 8 |  8.4
Transmutations | 3 4 6 7 |  7.1
Dodging        | 2 3 4 |  4.1
Spellcasting   | |  2.1

Action                   |  1- 3 |  4- 6 |  7- 9 || total
-------------------------+-------+-------+-------++-------
Melee: Unarmed           |    80 |    42 |   239 ||   361
       Bite              |    17 |    51 |    40 ||   108
       Kick              |     6 |     2 |       ||     8
       Headbutt          |     4 |     6 |       ||    10
       Punch             |     2 |       |     5 ||     7
       Dagger            |       |   193 |    33 ||   226
Throw: Stone             |     6 |    11 |     2 ||    19
 Cast: Beastly Appendage |    16 |     7 |       ||    23
       Sticks to Snakes  |     1 |    15 |    20 ||    36
       Spider Form       |       |     2 |    24 ||    26
 Abil: End Transformatio |       |       |     1 ||     1
Evoke: Wand              |       |       |     1 ||     1
  Use: Scroll            |       |     7 |     6 ||    13
       Potion            |       |       |     4 ||     4
 Stab: Sleeping          |     2 |     2 |     1 ||     5
       Distracted        |       |     1 |     3 ||     4
  Eat: Chunk             |     4 |     6 |     4 ||    14
       Ration            |       |     2 |     4 ||     6
Armor: Robe              |     8 |    39 |    22 ||    69
       Skin              |       |       |     2 ||     2
Dodge: Dodged            |    47 |   154 |   168 ||   369
